 Dungeon Crawl Stone Soup version 0.28-a0-697-g47f3eba078 (webtiles) character file.

Game seed: 2144216139449380832

23 ytrimaz the Grave Robber (level 2, 0/19 HPs)
             Began as a Demonspawn Necromancer on Oct 24, 2021.
             Slain by an ufetubus (3 damage)
             ... on level 2 of the Dungeon.
             The game lasted 00:01:15 (1883 turns).

ytrimaz the Grave Robber (Demonspawn Necromancer)   Turns: 1883, Time: 00:01:16

Health: 0/19       AC:  2    Str:  8    XL:     2   Next: 72%
Magic:  1/5        EV: 12    Int: 16    God:
Gold:   26         SH:  0    Dex: 13    Spells: 4/5 levels left

rFire   . . .      SeeInvis .   (no weapon)
rCold   . . .      Faith    .   (no shield)
rNeg    . . .      Spirit   .   a - +0 robe
rPois   .          Reflect  .   (no helmet)
rElec   .          Harm     .   (no cloak)
rCorr   .          Rampage  .   (no gloves)
Will    .....                   (no boots)
Stlth   ++........              (no amulet)
HPRegen 0.06/turn               (no ring)
MPRegen 0.09/turn               (no ring)

@: no status effects
A: ignite blood 1
a: no special abilities


You were on level 2 of the Dungeon.
You visited 1 branch of the dungeon, and saw 2 of its levels.

You collected 26 gold pieces.

Inventory:

Armour
 a - a +0 robe (worn)
Jewellery
 e - a ring of ice
Scrolls
 b - a scroll of magic mapping
 c - a scroll of amnesia {unknown}
 d - a scroll of enchant armour {unknown}


   Skills:
 - Level 1.7 Dodging
 - Level 1.7 Stealth
 + Level 2.3 Spellcasting
 + Level 5.1 Necromancy


You had 4 spell levels left.
You knew the following spells:

 Your Spells              Type           Power      Damage    Failure   Level
a - Pain                  Necr           72%        1d7       2%          1

Your spell library contained the following spells:

 Spells                   Type           Power      Damage    Failure   Level
 Animate Skeleton         Necr           36%        N/A       2%          1
 Vampiric Draining        Necr           9%         2d7       8%          3
 Animate Dead             Necr           9%         N/A       24%         4
 Agony                    Necr           18%        N/A       56%         5


Dungeon Overview and Level Annotations

Branches:
Dungeon (2/15)

Altars:


Innate Abilities, Weirdness & Mutations

Your demonic aura sometimes causes spilled blood to erupt in flames.


Message History

You see here a frilled lizard skeleton.
Partly explored, can't reach some places.
Partly explored, can't reach some places.
Partly explored, can't reach some places.
Partly explored, can't reach some places.
As you read the scroll labelled OVVORCH UPAIB, it crumbles to dust.
You feel aware of your surroundings.
It was a scroll of magic mapping.
Unknown command.
You see here a frilled lizard skeleton.
You see here a +0 club.
There is a stone staircase leading down here.
You climb downwards.
The ufetubus shouts!
Found 7 gold pieces and a short sword.
There is a stone staircase leading up here.
The ufetubus is unaffected.
The hobgoblin shouts!
The ufetubus is unaffected.
The ufetubus barely misses you.
The ufetubus hits you but does no damage.
The ufetubus misses you. The ufetubus barely misses you.
The ufetubus is unaffected.
The ufetubus barely misses you.
The ufetubus hits you but does no damage.
The hobgoblin writhes in agony!
You kill the hobgoblin!
The ufetubus barely misses you. x2; The ufetubus hits you. x2
You are too injured to fight recklessly!
You hit the ufetubus.
The ufetubus is lightly wounded.
The ufetubus hits you.
* * * LOW HITPOINT WARNING * * *
The ufetubus hits you.
* * * LOW HITPOINT WARNING * * *
You hit the ufetubus but do no damage.
The ufetubus is lightly wounded.
The ufetubus completely misses you. The ufetubus misses you.
The ufetubus closely misses you. x2
Unknown command.
A goblin comes into view. It is wielding a +0 dagger.
The ufetubus hits you.
You die...

.... .....
.... #..#
...# #
#####..#
#g#.#.#)#.##
#.......@..#
##.#.#5#<##
#....$....#
##.#.#.#.##
.........
#.#.#.#.##..
#.........
.# #.#.#
#.#.#. #
#... ##.#.#.


You could see an ufetubus and a goblin (wandering).

Vanquished Creatures
  2 dart slugs (D:1)
  2 giant cockroaches (D:1)
  4 goblins (D:1)
  2 hobgoblins
  A kobold (D:1)
  A ball python (D:1)
  A bat (D:1)
  3 frilled lizards (D:1)
  3 rats (D:1)
19 creatures vanquished.

Notes
Turn   | Place    | Note
-------+----------+-------------------------------------------
     0 | D:1      | ytrimaz the Demonspawn Necromancer began the quest for the
                  | Orb.
     0 | D:1      | Reached XP level 1. HP: 13/13 MP: 3/3
   239 | D:1      | Found a faded altar of an unknown god.
   438 | D:1      | Gained mutation: Your demonic aura sometimes causes spilled
                  | blood to erupt in flames. [demonic ancestry]
   438 | D:1      | Reached XP level 2. HP: 18/19 MP: 3/5
   860 | D:1      | Reached skill level 5 in Necromancy
  1883 | D:2      | Slain by an ufetubus

Illustrated notes

Levels and vault maps discovered:
D:1:      dpeg_arrival_arbitrary_c, layout_basic, serial_forest,
          infiniplex_forest_straight_1, infiniplex_forest_straight_3,
          infiniplex_forest_end_2, infiniplex_forest_lined_corner,
          infiniplex_forest_clump_double, infiniplex_forest_clump_double,
          infiniplex_forest_clump_double, infiniplex_forest_lined_room_3,
          basic_ecumenical_altar
D:2:      layout_basic, st_stairs_9

Skill      XL: |  1  2 |
---------------+-------+-----
Necromancy     | 5 |  5.1
Dodging        | |  1.7
Stealth        | |  1.7
Spellcasting   | |  2.3

Action                   || total
-------------------------++-------
Melee: Unarmed           ||    16
 Cast: Pain              ||    36
  Use: Scroll            ||     1
Armor: Robe              ||     4
Dodge: Dodged            ||    26

Table legend: (Time is in decaauts)
 A = Elapsed time spent in this place.
 B = Non-inter-level travel time spent in this place.
 C = Inter-level travel time spent in this place.
 D = Time resting spent in this place.
 E = Time spent auto-exploring this place.
 F = Levels seen in this place.
 G = Mean time per level.
                   A        B        C        D        E       F      G
               +--------+--------+--------+--------+--------+-----+--------+
         Total |   1882 |   1843 |     39 |    225 |   1481 |   2 |  941.0 |
       Dungeon |   1882 |   1843 |     39 |    225 |   1481 |   2 |  941.0 |
               +--------+--------+--------+--------+--------+-----+--------+

Top non-repeatable levels by time:
     D:1: 1873 daAuts
     D:2: 9 daAuts
